[Event "Titled Tuesday Blitz June 6 Early 2023"]
[White "Georg, Heinz"]
[Black "Trifan, Andrei Ioan"]
[WhiteFideId "4607295"]
[BlackFideId "12967068"]
[WhiteElo "2324"]
[BlackElo "2208"]
[Result "0-1"]
[Round "5"]
[TimeControl "180+2"]
[Date "2023.06.06"]
[WhiteClock "0:00:02"]
[BlackClock "0:00:41"]
[Board "114"]

1. e4 b6 2. d4 Bb7 3. Nc3 e6 4. f4 d6 5. Nf3 Nd7 6. Bd3 g6 7. O-O Bg7 8. e5 Ne7 9. exd6 cxd6 10. Ne4 Nf6 11. Nxf6+ Bxf6 12. c3 O-O 13. Qe2 Rc8 14. Bd2 Qc7 15. Rae1 Rfd8 16. Ba6 Qb8 17. Bxb7 Qxb7 18. Qe4 Qxe4 19. Rxe4 b5 20. a3 Nd5 21. Ne1 Nb6 22. Nd3 a5 23. b3 a4 24. bxa4 Nxa4 25. Rc1 d5 26. Ree1 Nxc3 27. Ne5 Ne4 28. Ba5 Bxe5 29. fxe5 Re8 30. Kf1 Rc4 31. Rxc4 bxc4 32. Rb1 Ra8 33. Bb4 Rb8 34. Rc1 Kg7 35. Ke2 f6 36. Ke3 fxe5 37. dxe5 Rb7 38. Kd4 Rf7 0-1


[Site "https://www.chess.com"]

[Event "Titled Tuesday Blitz June 6 Early 2023"]
[White "Jaskolka, Tomasz"]
[Black "Spichkin, Alexander"]
[WhiteFideId "1170791"]
[BlackFideId "4144074"]
[WhiteElo "2155"]
[BlackElo "1986"]
[Result "1-0"]
[Round "5"]
[TimeControl "180+2"]
[Date "2023.06.06"]
[WhiteClock "0:01:45"]
[BlackClock "0:02:01"]
[Board "115"]

1. d4 e6 2. Nc3 d5 3. Bf4 Bd6 4. Bxd6 Qxd6 5. e3 Ne7 6. Nf3 O-O 7. Bd3 c5 8. dxc5 Qxc5 9. Bxh7+ Kxh7 10. Ng5+ Kg6 11. Qg4 Nf5 12. Nge4+ Kh7 13. Nxc5 Nc6 14. Qh5+ Kg8 15. Nd3 Bd7 16. O-O-O a6 17. g4 g6 18. Qg5 Ng7 19. h4 d4 20. Ne4 f5 21. Nf6+ Rxf6 22. Qxf6 Be8 1-0


[Site "https://www.chess.com"]

[Event "Titled Tuesday Blitz June 6 Early 2023"]
[White "Arat, Ufuk Sezen"]
[Black "Todorovic, Bojan"]
[WhiteFideId "6309089"]
[BlackFideId "917087"]
[WhiteElo "2289"]
[BlackElo "2266"]
[Result "1-0"]
[Round "5"]
[TimeControl "180+2"]
[Date "2023.06.06"]
[WhiteClock "0:01:05"]
[BlackClock "0:01:19"]
[Board "116"]

1. e4 g6 2. d4 Bg7 3. Nc3 d6 4. f4 a6 5. Nf3 Nd7 6. Be3 b5 7. Bd3 Bb7 8. a3 e6 9. Qd2 Ne7 10. O-O c5 11. Rae1 O-O 12. dxc5 Nxc5 13. e5 Nxd3 14. cxd3 Bxf3 15. Rxf3 dxe5 16. fxe5 Bxe5 17. Bh6 Re8 18. Rxe5 Qd4+ 19. Qe3 Nf5 20. Qxd4 Nxd4 21. Rf1 Rac8 22. Ne4 Nf5 23. Nf6+ Kh8 24. Nxe8 Rxe8 25. Bg5 h6 26. Bf6+ Kh7 27. g4 Nd4 28. Rc5 Ne2+ 29. Kg2 g5 30. Be5 1-0


[Site "https://www.chess.com"]

[Event "Titled Tuesday Blitz June 6 Early 2023"]
[White "Zaksaite, Salomeja"]
[Black "Camacho Collados, Jose"]
[WhiteFideId "12801496"]
[BlackFideId "2265427"]
[WhiteElo "2059"]
[BlackElo "2212"]
[Result "1-0"]
[Round "5"]
[TimeControl "180+2"]
[Date "2023.06.06"]
[WhiteClock "0:00:02"]
[BlackClock "0:00:16"]
[Board "117"]

1. e4 b6 2. d4 Bb7 3. Nc3 e6 4. Nf3 Bb4 5. Bd3 Nf6 6. e5 Ne4 7. Bxe4 Bxe4 8. O-O Bg6 9. Bg5 Qc8 10. Re1 h6 11. Bh4 Qb7 12. a3 Bxc3 13. bxc3 O-O 14. c4 Nc6 15. d5 Na5 16. Qd4 Bxc2 17. Nd2 c5 18. Qg4 exd5 19. Be7 Rfe8 20. Bf6 Bg6 21. h4 h5 22. Qg5 Nxc4 23. Nf3 Qc6 24. g4 d4 25. Nh2 gxf6 26. exf6 Kh7 27. gxh5 Rg8 28. Ng4 Rh8 29. Qh6+ Kg8 30. Qg7# 1-0


[Site "https://www.chess.com"]

[Event "Titled Tuesday Blitz June 6 Early 2023"]
[White "Mladek, Richard"]
[Black "Cardozo Munar, Carlos Eduardo"]
[WhiteFideId "386588"]
[BlackFideId "4409477"]
[WhiteElo "2332"]
[BlackElo "2067"]
[Result "1-0"]
[Round "5"]
[TimeControl "180+2"]
[Date "2023.06.06"]
[WhiteClock "0:00:33"]
[BlackClock "0:00:07"]
[Board "118"]

1. d4 d5 2. c4 e5 3. dxe5 d4 4. Nf3 Nc6 5. g3 Nge7 6. Bg2 Ng6 7. O-O Ngxe5 8. Nxe5 Nxe5 9. b4 Nxc4 10. Qb3 Nb6 11. Rd1 Be7 12. Bb2 Bf6 13. e3 O-O 14. Bxd4 Bxd4 15. Rxd4 Qe7 16. Nc3 c6 17. a4 Be6 18. Qb1 Rad8 19. Rh4 g6 20. Ne4 Bd5 21. a5 Nc4 22. Qc2 Rfe8 23. Qc3 Bxe4 24. Rxe4 Ne5 25. f4 Ng4 26. Rxe7 Rxe7 27. Re1 Red7 28. h3 Rd3 29. Qc5 Rd1 30. Rxd1 Rxd1+ 31. Bf1 Nf6 32. Qc2 Rd5 33. e4 Rd7 34. Bc4 a6 35. e5 Nd5 36. Bxd5 Rxd5 37. Kf2 Kg7 38. Ke3 h5 39. g4 hxg4 40. hxg4 Rb5 41. Qc3 Rd5 42. e6+ Kf8 43. Qf6 Ke8 44. Qxf7+ Kd8 45. e7+ Kd7 46. e8=Q+ 1-0


[Site "https://www.chess.com"]

[Event "Titled Tuesday Blitz June 6 Early 2023"]
[White "Abrosimov, Vladimir"]
[Black "Reprintsev, Alexander"]
[WhiteFideId "4166892"]
[BlackFideId "14100541"]
[WhiteElo "2336"]
[BlackElo "2229"]
[Result "0-1"]
[Round "5"]
[TimeControl "180+2"]
[Date "2023.06.06"]
[WhiteClock "0:00:45"]
[BlackClock "0:00:14"]
[Board "119"]

1. c4 e5 2. Nc3 Bb4 3. d3 c6 4. g3 d5 5. cxd5 cxd5 6. Bg2 d4 7. a3 Be7 8. Nb1 Nf6 9. Bg5 O-O 10. Nd2 Be6 11. Ngf3 Nbd7 12. O-O Nd5 13. Bxe7 Qxe7 14. Nc4 f6 15. b4 Nc3 16. Qd2 Rac8 17. Nb2 Nb6 18. Nd1 Nca4 19. Nb2 Nc3 20. Nd1 Bb3 21. Nxc3 dxc3 22. Qc1 Na4 23. Ne1 Qe6 24. Nc2 Bd5 25. Ne3 Bxg2 26. Kxg2 b5 27. Qc2 Rc7 28. Rfc1 Rfc8 29. Qa2 Kf7 30. Qxe6+ Kxe6 31. Ra2 f5 32. Rac2 f4 33. Nd1 g5 34. g4 h5 35. f3 hxg4 36. fxg4 Kd5 37. e4+ Kd4 38. Nf2 a5 39. Kf3 axb4 40. axb4 Ra8 41. Ra1 Nb6 42. Rxa8 Nxa8 43. Ke2 Ra7 44. Nd1 Ra3 45. h3 Nc7 46. Rc1 Ra2+ 47. Kf3 c2 48. Nf2 Na6 49. h4 gxh4 50. g5 Nxb4 51. g6 Nxd3 52. Nxd3 Kxd3 53. g7 Ra8 54. Rg1 Rg8 55. Kf2 Kd2 56. Kf3 c1=Q 57. Rg2+ Kd3 58. Re2 Qf1+ 59. Rf2 Qh3# 0-1


[Site "https://www.chess.com"]

[Event "Titled Tuesday Blitz June 6 Early 2023"]
[White "Marchesich, Giovanni"]
[Black "Janaszak, Dawid"]
[WhiteFideId "2824790"]
[BlackFideId "1119206"]
[WhiteElo "2213"]
[BlackElo "2220"]
[Result "0-1"]
[Round "5"]
[TimeControl "180+2"]
[Date "2023.06.06"]
[WhiteClock "0:00:01"]
[BlackClock "0:01:08"]
[Board "120"]

1. e4 c5 2. Nc3 Nc6 3. Bb5 e5 4. Nf3 Nge7 5. O-O g6 6. Nd5 Bg7 7. c3 O-O 8. d4 cxd4 9. cxd4 Nxd5 10. exd5 Nxd4 11. Nxd4 exd4 12. Bf4 d6 13. Re1 Bf5 14. Qd2 Rc8 15. Rac1 Rc5 16. Rxc5 dxc5 17. d6 Be6 18. Bg3 a6 19. Bd3 c4 20. Rxe6 fxe6 21. Bxc4 Kh8 22. Bxe6 Re8 23. Bg4 Re4 24. Bf3 Re6 25. Bxb7 Be5 26. Bd5 Re8 27. Bxe5+ Rxe5 28. Qxd4 Qf6 29. Qd1 Qxd6 30. Bb3 Qxd1+ 0-1


[Site "https://www.chess.com"]

[Event "Titled Tuesday Blitz June 6 Early 2023"]
[White "Afanasieva, Alexandra"]
[Black "Flynn, Jacob"]
[WhiteFideId "34126926"]
[BlackFideId "2509393"]
[WhiteElo "1736"]
[BlackElo "2053"]
[Result "1-0"]
[Round "5"]
[TimeControl "180+2"]
[Date "2023.06.06"]
[WhiteClock "0:00:07"]
[BlackClock "0:01:09"]
[Board "121"]

1. e4 e5 2. Nf3 Nc6 3. Bb5 a6 4. Ba4 Nf6 5. O-O Be7 6. Re1 b5 7. Bb3 O-O 8. h3 Bb7 9. c3 d5 10. exd5 Nxd5 11. a4 Qd6 12. d4 exd4 13. cxd4 Bf6 14. Nc3 Nxc3 15. bxc3 b4 16. Qd3 bxc3 17. Ba3 Nb4 18. Bxb4 Qxb4 19. Rab1 Qa5 20. Bc2 g6 21. Rxb7 Rfe8 22. Rxe8+ Rxe8 23. Qc4 Re7 24. Rb3 Kg7 25. Rxc3 Qh5 26. Re3 Rd7 27. Bb3 Qa5 28. Qc6 Rd6 29. Qe8 Kh6 30. Qf8+ Bg7 31. Qxf7 Rf6 32. Qd5 Qxd5 33. Bxd5 Rd6 34. Bc4 a5 35. Rd3 Rc6 36. Bb5 Rc1+ 37. Kh2 Bf8 38. g3 Bd6 39. Kg2 Rc2 40. Ne5 Kg7 41. Rf3 Rd2 42. Rf7+ Kh6 43. Ng4+ Kg5 44. h4+ Kxg4 45. Bd7+ Kh5 46. Rxh7# 1-0


[Site "https://www.chess.com"]

[Event "Titled Tuesday Blitz June 6 Early 2023"]
[White "Dubreuil, Julien"]
[Black "Sychev, Klementy"]
[WhiteFideId "621285"]
[BlackFideId "4114060"]
[WhiteElo "2281"]
[BlackElo "2583"]
[Result "0-1"]
[Round "5"]
[TimeControl "180+2"]
[Date "2023.06.06"]
[WhiteClock "0:00:14"]
[BlackClock "0:00:19"]
[Board "122"]

1. e4 c5 2. Nf3 d6 3. d4 cxd4 4. Nxd4 Nf6 5. Nc3 a6 6. Bg5 Nbd7 7. Qe2 h6 8. Bh4 g6 9. O-O-O e5 10. Nb3 Be7 11. Kb1 b5 12. Bg3 Bb7 13. f3 Rc8 14. Qd2 Kf8 15. Nd5 Nxd5 16. exd5 Nf6 17. Bh4 Nxd5 18. Bxe7+ Qxe7 19. Na5 Ba8 20. c4 bxc4 21. Bxc4 Rc5 22. b4 Rxc4 23. Nxc4 Kg7 24. Ne3 Nxe3 25. Qxe3 Rb8 26. Rd4 a5 27. Rhd1 d5 28. f4 Rxb4+ 29. Ka1 Rxd4 30. Rxd4 e4 31. Rd2 Kh7 32. g4 Qf6+ 33. Kb1 Bc6 34. h3 Bb5 35. a3 Bd3+ 36. Rxd3 exd3 37. Qxd3 Qxf4 38. Qxd5 a4 39. Kc2 Kg7 40. Kd3 Qg3+ 41. Kc4 Qb3+ 42. Kc5 Qxa3+ 43. Kc6 Qc3+ 44. Kd7 a3 45. Ke8 Qc8+ 46. Ke7 Qe6+ 0-1


[Site "https://www.chess.com"]

[Event "Titled Tuesday Blitz June 6 Early 2023"]
[White "Garcia Cuenca, Victor"]
[Black "Mendez Fortes, Eduardo Jesus"]
[WhiteFideId "2250829"]
[BlackFideId "3502376"]
[WhiteElo "2329"]
[BlackElo "2307"]
[Result "1-0"]
[Round "5"]
[TimeControl "180+2"]
[Date "2023.06.06"]
[WhiteClock "0:01:07"]
[BlackClock "0:02:22"]
[Board "123"]

1. Nf3 d5 2. g3 Nf6 3. Bg2 e6 4. O-O Be7 5. b3 O-O 6. Bb2 c5 7. d3 d4 8. c3 dxc3 9. Nxc3 Nc6 10. Rc1 Rb8 11. Nd2 Nd4 12. e3 Nf5 13. Qe2 b6 14. Rfd1 Ba6 15. Nc4 Qd7 16. Ne5 Qc7 17. Nc6 Rbc8 18. Nxe7+ Qxe7 19. Nb1 Bb7 20. Bxf6 gxf6 21. Bxb7 Qxb7 22. Nc3 Rfd8 23. Ne4 Kg7 24. Qg4+ Kf8 25. Nxf6 Ke7 26. Qg5 h6 27. Ng8+ Kd7 28. Nxh6 Nxh6 29. Qxh6 Rh8 30. Qf6 Rh7 31. d4 c4 32. d5 Kc7 33. d6+ 1-0


[Site "https://www.chess.com"]

[Event "Titled Tuesday Blitz June 6 Early 2023"]
[White "Herman, Daniel"]
[Black "Aloma Vidal, Robert"]
[WhiteFideId "30935008"]
[BlackFideId "2260409"]
[WhiteElo "1897"]
[BlackElo "2435"]
[Result "1/2-1/2"]
[Round "5"]
[TimeControl "180+2"]
[Date "2023.06.06"]
[WhiteClock "0:00:17"]
[BlackClock "0:00:25"]
[Board "124"]

1. e4 e5 2. Nf3 Nf6 3. Nxe5 d6 4. Nf3 Nxe4 5. Nc3 Nf6 6. d4 g6 7. Bg5 Bg7 8. Qd2 h6 9. Bh4 O-O 10. O-O-O a6 11. Bc4 b5 12. Bb3 Bb7 13. Rhe1 Nbd7 14. d5 Nc5 15. g4 Qd7 16. g5 hxg5 17. Bxg5 b4 18. Bxf6 Bxf6 19. Ne4 Nxe4 20. Rxe4 a5 21. Qh6 Bg7 22. Qh4 Rfe8 23. Rde1 Rxe4 24. Qxe4 a4 25. Bc4 a3 26. b3 Qd8 27. Qe7 Bf6 28. Qxd8+ Rxd8 29. Re4 c6 30. dxc6 Bxc6 31. Re3 Bg7 32. Ng5 d5 33. Bd3 Bh6 34. f4 Kg7 35. Re7 Bxg5 36. fxg5 d4 37. Bc4 Bd5 38. Rb7 Bxc4 39. bxc4 Rh8 40. Rxb4 Rxh2 41. c5 Kf8 42. c6 Ke7 43. Rxd4 Rh8 44. Rd7+ Ke6 45. Rc7 Rf8 46. Kd2 Kd6 47. Ra7 Kxc6 48. Rxa3 Re8 49. Rc3+ Kb5 50. Re3 Rd8+ 51. Ke2 Rd5 52. Rf3 Rd7 53. Rf6 Kb4 54. Ke3 Re7+ 55. Kd4 Rd7+ 56. Ke5 Kc4 57. Rd6 Ra7 58. Kf6 Kc5 59. Rd8 Kc6 60. Rf8 Rxa2 61. Rxf7 Rxc2 62. Kxg6 Kd6 63. Rf6+ Ke7 64. Rf1 Rc5 65. Kg7 Rxg5+ 66. Kh7 Rg2 67. Kh6 Ke6 68. Kh5 Ke5 69. Kh6 Ke4 70. Kh7 Ke3 71. Rf8 Rh2+ 72. Kg7 Rg2+ 73. Kf7 Kd4 74. Ke7 Kd5 75. Kf7 Kd6 76. Re8 Kd7 77. Re1 Rf2+ 78. Kg6 Rf3 79. Kg5 Rd3 80. Kf5 Rd6 81. Kf4 Rf6+ 82. Kg5 Rf8 83. Rd1+ Ke7 84. Re1+ Kd7 85. Rd1+ Ke6 86. Re1+ Kd5 87. Rd1+ Ke4 88. Re1+ Kd3 89. Re7 Rg8+ 90. Kf6 Rg1 91. Kf7 Rf1+ 92. Ke8 Kc4 93. Rd7 Kc5 94. Rd2 Kc6 95. Ke7 Rc1 96. Ke6 Re1+ 97. Kf5 Kc7 98. Kf4 Re8 99. Kf3 Rf8+ 100. Ke3 Re8+ 101. Kf3 Rf8+ 102. Ke3 Rh8 103. Kf3 Rh3+ 104. Kf4 Rh7 105. Ke5 Kc8 106. Ke6 Rg7 107. Kf6 Rd7 108. Rxd7 Kxd7 1/2-1/2


[Site "https://www.chess.com"]

[Event "Titled Tuesday Blitz June 6 Early 2023"]
[White "Czerw, Dawid"]
[Black "Fernandez Garcia, Gumersindo"]
[WhiteFideId "1145746"]
[BlackFideId "24516740"]
[WhiteElo "2144"]
[BlackElo "2093"]
[Result "1/2-1/2"]
[Round "5"]
[TimeControl "180+2"]
[Date "2023.06.06"]
[WhiteClock "0:00:03"]
[BlackClock "0:00:05"]
[Board "125"]

1. Nf3 Nf6 2. Ng1 e5 3. Nc3 d5 4. Nb1 Nc6 5. e3 Bd6 6. d4 exd4 7. exd4 O-O 8. Nf3 Bg4 9. Be2 Re8 10. O-O Ne4 11. h3 Bf5 12. Nc3 Nxc3 13. bxc3 Ne7 14. Bd3 Be4 15. Nd2 Bxd3 16. cxd3 Ng6 17. g3 c6 18. Kg2 Qf6 19. Nf3 h6 20. Nh2 Re6 21. f4 Qe7 22. Rf2 f5 23. Nf3 Rf8 24. a4 h5 25. h4 Nh8 26. Ng5 Re1 27. Qxh5 g6 28. Qf3 Nf7 29. Bb2 Nxg5 30. hxg5 Rxa1 31. Bxa1 Kg7 32. Re2 Qd7 33. Qe3 Rf7 34. Qe6 Qc7 35. Bb2 b5 36. c4 bxa4 37. c5 Bf8 38. Kf3 Qb7 39. Rh2 Qe7 40. Qxc6 Qe1 41. Qxd5 Qf1+ 42. Rf2 Qd1+ 43. Kg2 Qxd3 44. Qe5+ Kg8 45. d5 Bg7 46. Qe8+ Rf8 47. Qe6+ Kh7 48. Bxg7 Kxg7 49. d6 Rf7 50. Qe5+ Kg8 51. c6 Qc4 52. c7 Qc6+ 53. Kg1 Rh7 54. Qe6+ Kg7 55. Qf6+ Kg8 56. Qd8+ Kg7 57. Qf6+ Kg8 58. Qe6+ Kg7 59. Qe5+ Kg8 60. Qe6+ 1/2-1/2


[Site "https://www.chess.com"]

[Event "Titled Tuesday Blitz June 6 Early 2023"]
[White "Shohat, Yotam"]
[Black "Szyszylo, Rafal"]
[WhiteFideId "2813955"]
[BlackFideId "1109626"]
[WhiteElo "2226"]
[BlackElo "1951"]
[Result "1-0"]
[Round "5"]
[TimeControl "180+2"]
[Date "2023.06.06"]
[WhiteClock "0:01:12"]
[BlackClock "0:00:04"]
[Board "126"]

1. d4 d6 2. Nc3 Nf6 3. e4 g6 4. Bg5 Bg7 5. e5 Nfd7 6. exd6 cxd6 7. Qd2 Nf6 8. Bc4 Nc6 9. Nge2 O-O 10. f3 Na5 11. Bb3 Bd7 12. h4 Rc8 13. Bh6 Nc4 14. Bxc4 Rxc4 15. g4 Qb6 16. Bxg7 Kxg7 17. h5 Rfc8 18. hxg6 fxg6 19. Qh6+ Kf7 20. g5 Ng8 21. Qxh7+ Kf8 22. Nf4 Bf5 23. Nxg6+ Bxg6 24. Qxg6 Qxd4 25. Qd3 Qe5+ 26. Kf2 1-0


[Site "https://www.chess.com"]

[Event "Titled Tuesday Blitz June 6 Early 2023"]
[White "Malyi, Viacheslav"]
[Black "Schuh, Karsten"]
[WhiteFideId "14123983"]
[BlackFideId "4637950"]
[WhiteElo "2291"]
[BlackElo "2177"]
[Result "1-0"]
[Round "5"]
[TimeControl "180+2"]
[Date "2023.06.06"]
[WhiteClock "0:01:31"]
[BlackClock "0:01:33"]
[Board "127"]

1. e4 c5 2. Nf3 Nc6 3. d4 cxd4 4. Nxd4 Qc7 5. Nc3 e6 6. Be3 a6 7. Qd2 Nf6 8. O-O-O Bb4 9. f3 O-O 10. a3 Be7 11. g4 d6 12. g5 Nd7 13. g6 hxg6 14. h4 b5 15. h5 Nde5 16. hxg6 Nxg6 17. Qh2 Rd8 18. Bd3 Nce5 19. Rdg1 Bf6 20. f4 Nxd3+ 21. cxd3 Bxd4 22. Bxd4 e5 23. Rxg6 fxg6 24. fxe5 Be6 25. exd6 Rxd6 26. Qh8+ Kf7 27. Qxg7+ Ke8 28. Rh8+ 1-0


[Site "https://www.chess.com"]

[Event "Titled Tuesday Blitz June 6 Early 2023"]
[White "Sovetbekova, Nurai"]
[Black "MKlose11"]
[WhiteFideId "13801910"]
[WhiteElo "1857"]
[BlackElo "2544"]
[Result "0-1"]
[Round "5"]
[TimeControl "180+2"]
[Date "2023.06.06"]
[WhiteClock "0:00:06"]
[BlackClock "0:02:12"]
[Board "128"]

1. d4 Nf6 2. c4 c5 3. d5 b5 4. cxb5 a6 5. e3 g6 6. Nc3 Bg7 7. Nf3 O-O 8. a4 d6 9. Be2 Nbd7 10. O-O axb5 11. Nxb5 Ba6 12. Nc3 Bxe2 13. Qxe2 Qb6 14. e4 Ne8 15. Nb5 Nc7 16. Nxc7 Qxc7 17. Nd2 Rfb8 18. Nc4 Ne5 19. Nxe5 Bxe5 20. Rd1 Rb4 21. Qc2 Qb7 22. Rd3 Bxb2 23. Bxb2 Rxb2 24. Qd1 Rb8 25. Rc1 Qb4 26. e5 dxe5 27. d6 exd6 28. Rxd6 Kg7 29. h3 Qf4 30. Qe1 Ra2 31. Rxc5 Rbb2 32. Qxe5+ Qxe5 33. Rxe5 Rxf2 34. Rd7 Rxg2+ 35. Kf1 Rh2 36. Kg1 Rag2+ 37. Kf1 Ra2 38. Kg1 Rxh3 39. Re6 Rg3+ 40. Kf1 Rb3 41. Re1 Rxa4 42. Ke2 Re4+ 43. Kf2 Rxe1 44. Kxe1 Rb6 45. Kf2 Re6 46. Kf3 h5 47. Kg3 g5 48. Rd5 Kg6 49. Kh3 f6 50. Kg3 Re5 0-1


[Site "https://www.chess.com"]

[Event "Titled Tuesday Blitz June 6 Early 2023"]
[White "Omelja, Artem"]
[Black "Hoffmann, Asa"]
[WhiteFideId "14119846"]
[BlackFideId "2001470"]
[WhiteElo "2404"]
[BlackElo "2117"]
[Result "1-0"]
[Round "5"]
[TimeControl "180+2"]
[Date "2023.06.06"]
[WhiteClock "0:00:12"]
[BlackClock "0:00:23"]
[Board "129"]

1. e4 d6 2. d4 Nf6 3. Nc3 c6 4. f3 Nbd7 5. Be3 e5 6. Nge2 Be7 7. Qd2 b5 8. O-O-O Qc7 9. g4 Nb6 10. Ng3 g6 11. h4 h5 12. g5 Nfd7 13. f4 Bb7 14. dxe5 dxe5 15. f5 O-O-O 16. Qf2 Kb8 17. Be2 Bb4 18. Nb1 Rhe8 19. Rhf1 Nf8 20. fxg6 fxg6 21. c3 Be7 22. Bc5 Ne6 23. Bxe7 Qxe7 24. Qf6 Nf4 25. Rxd8+ Qxd8 26. Qxd8+ Rxd8 27. Nd2 Bc8 28. Bf3 Be6 29. b3 Kc7 30. Kc2 a5 31. Ne2 Rf8 32. Nxf4 Rxf4 33. Be2 Rxh4 34. Rf6 Bg4 35. Bxg4 Rxg4 36. Rxg6 h4 37. Nf3 Rg2+ 38. Kd3 h3 39. Nxe5 h2 40. Rxc6+ Kb7 41. Rh6 Rxg5 42. Nf3 Rg3 43. Ke3 Nd7 44. Rxh2 Ne5 45. Kf4 Rxf3+ 46. Kxe5 Rxc3 47. Kd6 Kb6 48. Rd2 Rc8 49. Kd7 Rc7+ 50. Kd6 Rc8 51. Rd5 Rd8+ 52. Ke7 Rh8 53. e5 Kc6 54. Rd6+ Kc5 55. Rd2 Rh7+ 56. Kf6 Rh6+ 57. Kg5 Rh1 58. e6 Re1 59. Kf6 Kb4 60. e7 Kc3 61. Rd5 b4 62. Re5 1-0


[Site "https://www.chess.com"]

[Event "Titled Tuesday Blitz June 6 Early 2023"]
[White "Rosenberg, Evan S"]
[Black "Plotnikov, Pavel"]
[WhiteFideId "2019299"]
[BlackFideId "4170342"]
[WhiteElo "2340"]
[BlackElo "2298"]
[Result "1-0"]
[Round "5"]
[TimeControl "180+2"]
[Date "2023.06.06"]
[WhiteClock "0:00:22"]
[BlackClock "0:00:49"]
[Board "130"]

1. d4 e6 2. g3 f5 3. Nh3 Nf6 4. Bg2 d5 5. O-O Bd6 6. Bf4 O-O 7. Bxd6 cxd6 8. Nd2 b5 9. a4 b4 10. c4 bxc3 11. bxc3 Ne4 12. Nxe4 dxe4 13. e3 Ba6 14. Re1 Nc6 15. Nf4 Qe7 16. d5 Ne5 17. dxe6 Rac8 18. f3 exf3 19. Bxf3 g5 20. Nd5 Nxf3+ 21. Qxf3 Qxe6 22. e4 fxe4 23. Qxe4 Qxe4 24. Rxe4 Rc5 25. Rd1 Kg7 26. Nb4 Bb7 27. Re7+ Rf7 28. Rxf7+ Kxf7 29. Rxd6 Bf3 30. Rd7+ Ke6 31. Rxh7 Rxc3 32. Rxa7 Rb3 33. Nc2 Bb7 34. Nd4+ 1-0


[Site "https://www.chess.com"]

[Event "Titled Tuesday Blitz June 6 Early 2023"]
[White "Chuemsakul, Sarocha"]
[Black "Devaev, Alexander"]
[WhiteFideId "6203710"]
[BlackFideId "4169395"]
[WhiteElo "1686"]
[BlackElo "2172"]
[Result "0-1"]
[Round "5"]
[TimeControl "180+2"]
[Date "2023.06.06"]
[WhiteClock "0:00:02"]
[BlackClock "0:00:09"]
[Board "131"]

1. d4 Nf6 2. c4 e6 3. Nf3 c5 4. d5 d6 5. Nc3 e5 6. e4 Be7 7. Bd3 Nbd7 8. h3 Nf8 9. Be3 Ng6 10. Qd2 Nh5 11. g3 Bd7 12. Be2 Nf6 13. a3 a6 14. b4 b6 15. Rb1 O-O 16. Kf1 h6 17. Kg2 Nh7 18. Bd3 Ng5 19. Nxg5 Bxg5 20. Ne2 Bxe3 21. Qxe3 Qc7 22. Rb2 Rab8 23. Rhb1 Rfc8 24. bxc5 bxc5 25. Qd2 Nf8 26. Qc2 g6 27. Qc3 h5 28. f4 f6 29. Ng1 h4 30. fxe5 fxe5 31. gxh4 Nh7 32. Be2 Nf6 33. Qe3 Rxb2 34. Rxb2 Rb8 35. Rxb8+ Qxb8 36. Qh6 Be8 37. Qe3 Qb1 38. Qd3 Qb2 39. Nf3 Nh5 40. Qd2 Nf4+ 41. Kf2 Qxa3 42. Bf1 a5 43. Ng5 Qb4 44. Qe3 Qb2+ 45. Kg1 Bd7 46. Qg3 Qd4+ 47. Kh2 Qd2+ 48. Kg1 a4 49. Ne6 Bxe6 50. dxe6 Qd4+ 51. Kh2 Qxe4 52. Qg5 Nxe6 53. Qf6 Nf8 54. Qxd6 Qf4+ 55. Kg1 Qd4+ 56. Qxd4 exd4 57. Bd3 a3 58. Bb1 Nd7 59. Kf2 Ne5 0-1


[Site "https://www.chess.com"]

[Event "Titled Tuesday Blitz June 6 Early 2023"]
[White "Srebrnic, Marko"]
[Black "Lacasa Diaz, Jose Antonio"]
[WhiteFideId "14603616"]
[BlackFideId "2203375"]
[WhiteElo "2341"]
[BlackElo "2338"]
[Result "1/2-1/2"]
[Round "5"]
[TimeControl "180+2"]
[Date "2023.06.06"]
[WhiteClock "0:00:09"]
[BlackClock "0:00:04"]
[Board "132"]

1. e4 c5 2. Nf3 Nf6 3. Qe2 Nc6 4. c3 e5 5. d4 cxd4 6. Bg5 Be7 7. cxd4 Nxd4 8. Nxd4 exd4 9. Nd2 O-O 10. Bxf6 Bxf6 11. Qd3 d5 12. f3 Re8 13. Be2 dxe4 14. fxe4 Bg5 15. O-O Bxd2 16. Qxd2 Rxe4 17. Bd3 Re3 18. Rae1 Qe7 19. Bc4 Be6 20. Qxd4 Rxe1 21. Rxe1 a6 22. Qb6 Re8 23. Bd5 Qh4 24. g3 Qf6 25. Bxb7 Rb8 26. Rd1 h5 27. Qc7 Rf8 28. Qc3 Rb8 29. Bxa6 Rxb2 30. Qxf6 gxf6 31. a4 Ra2 32. Bb5 Bh3 33. Rd4 Rg2+ 34. Kh1 Ra2 35. Rd1 Kg7 36. Kg1 Rg2+ 37. Kh1 Ra2 38. Kg1 h4 39. gxh4 Rg2+ 40. Kh1 Ra2 41. Rg1+ Kf8 42. Re1 Kg7 43. h5 Kh6 44. Kg1 Rg2+ 45. Kh1 Ra2 46. Kg1 Rg2+ 47. Kh1 Ra2 1/2-1/2


[Site "https://www.chess.com"]

[Event "Titled Tuesday Blitz June 6 Early 2023"]
[White "Bas Mas, Jose Joaquin"]
[Black "MunichMouse"]
[WhiteFideId "22219064"]
[WhiteElo "2212"]
[BlackElo "2274"]
[Result "0-1"]
[Round "5"]
[TimeControl "180+2"]
[Date "2023.06.06"]
[WhiteClock "0:01:17"]
[BlackClock "0:01:30"]
[Board "133"]

1. d4 Nf6 2. Nc3 d5 3. Bf4 g6 4. e3 Bg7 5. h4 h6 6. h5 g5 7. Bg3 O-O 8. Bd3 Re8 9. Nf3 c6 10. Qe2 Bg4 11. O-O-O Nbd7 12. Kb1 e5 13. dxe5 Nxe5 14. e4 d4 15. Bxe5 Rxe5 16. Nxe5 Bxe2 17. Nxe2 Nxe4 18. Nxf7 Kxf7 19. Bxe4 Qb6 20. Rd3 Kg8 21. Ng3 Re8 22. Bg6 Re5 23. Nf5 c5 24. g3 Qe6 25. Nxg7 Re1+ 26. Rd1 Rxh1 27. Rxh1 Kxg7 28. f3 Qe2 29. Be4 b5 30. g4 c4 31. a3 a5 32. Rc1 b4 33. axb4 axb4 34. b3 d3 35. cxd3 c3 36. Rc2 Qd1+ 37. Rc1 Qxb3+ 38. Ka1 Qb2# 0-1


[Site "https://www.chess.com"]

[Event "Titled Tuesday Blitz June 6 Early 2023"]
[White "Goffredo_Fofi"]
[Black "Leschinsky, Gary"]
[BlackFideId "30951321"]
[WhiteElo "2478"]
[BlackElo "2020"]
[Result "1-0"]
[Round "5"]
[TimeControl "180+2"]
[Date "2023.06.06"]
[WhiteClock "0:00:05"]
[BlackClock "0:00:36"]
[Board "134"]

1. e4 e6 2. d3 d5 3. Nd2 Nc6 4. Ngf3 e5 5. Be2 Nf6 6. c3 a5 7. O-O Bc5 8. b3 O-O 9. a3 Bb6 10. Rb1 d4 11. cxd4 Bxd4 12. b4 axb4 13. axb4 b5 14. Nxd4 Nxd4 15. Nb3 Nxb3 16. Qxb3 Be6 17. Qc2 Ra2 18. Rb2 Rxb2 19. Bxb2 Qd6 20. Qc3 Nd7 21. f4 f6 22. f5 Bf7 23. Rc1 Rc8 24. Qc6 Qxc6 25. Rxc6 Nb8 26. Rc1 Na6 27. Bc3 c5 28. bxc5 b4 29. Bd2 b3 30. d4 Nb8 31. d5 b2 32. Rb1 Rxc5 33. Rxb2 Nd7 34. Rb7 Be8 35. Bb5 Rc2 36. Be3 Rc3 37. Kf2 Nc5 38. Rb8 Nxe4+ 39. Kf3 Nd2+ 40. Ke2 Nc4 41. Bxc4 Rxc4 42. Rxe8+ Kf7 43. Rd8 Rc2+ 44. Kf3 g6 45. fxg6+ hxg6 46. Rb8 f5 47. Rb6 e4+ 48. Kg3 Re2 49. Bf4 Re1 50. h4 Rd1 51. d6 Rd3+ 52. Kf2 Ke6 53. Rb7 Rd5 54. Re7+ Kf6 55. Bg5# 1-0


[Site "https://www.chess.com"]

[Event "Titled Tuesday Blitz June 6 Early 2023"]
[White "Palacio,Igor Da Paz"]
[Black "Lehtosaari, Mauri"]
[WhiteFideId "2121140"]
[BlackFideId "501999"]
[WhiteElo "2126"]
[BlackElo "2472"]
[Result "0-1"]
[Round "5"]
[TimeControl "180+2"]
[Date "2023.06.06"]
[WhiteClock "0:00:01"]
[BlackClock "0:00:04"]
[Board "135"]

1. e4 d5 2. exd5 Qxd5 3. Nc3 Qd8 4. d4 Nf6 5. Nf3 Bg4 6. Bc4 e6 7. Be3 c6 8. Be2 Nbd7 9. O-O Bd6 10. Re1 O-O 11. h3 Bxf3 12. Bxf3 Nd5 13. Nxd5 cxd5 14. Qd2 Rc8 15. c3 b5 16. Bf4 Nb6 17. Bxd6 Qxd6 18. Be2 Nc4 19. Bxc4 Rxc4 20. a3 h6 21. Re3 a5 22. g3 Rb8 23. Rd3 Rbc8 24. Re1 b4 25. axb4 axb4 26. Ree3 bxc3 27. bxc3 Ra8 28. Rf3 Ra3 29. Kg2 Rca4 30. Qf4 Qxf4 31. Rxf4 Ra2 32. Rff3 Rc2 33. Rde3 Raa2 34. Rd3 Kf8 35. Rde3 Ke7 36. Rd3 f6 37. Rde3 Kd6 38. Rd3 e5 39. dxe5+ fxe5 40. Rf7 e4 41. Re3 Ke6 42. Rf8 Ra3 43. Re8+ Kd7 44. Rg8 Raxc3 45. Rxg7+ Kd6 46. Rg6+ Ke5 47. Rxc3 Rxc3 48. Rxh6 d4 49. Rh8 d3 50. Rd8 Rc2 51. Kf1 Rc1+ 52. Kg2 Rc2 53. Kf1 Rc1+ 54. Kg2 Rb1 55. h4 Kf5 56. Rd5+ Ke6 57. Rd8 Rb2 58. Kf1 Rb1+ 59. Kg2 Ke7 60. Rd4 Re1 0-1


[Site "https://www.chess.com"]